Map: Ascension to Aiur LE

Players

Aniro

  • Race: Zerg Zerg
  • League: Platinum
  • Spawn Location: 5:00

axu - Winner!

  • Race: Protoss Protoss
  • League: Platinum
  • Spawn Location: 11:00

VOD

Have the link to the VOD?

Description

Time

  • Played on: Jan. 16, 2018, 12:30 p.m.
  • Length: 17:22
Show
View Real Time Build Order
Export as new Build Order

Aniro Zerg 

Build Orders: Pool First 

Get SALT Encoding   

  12  0:19  Spawning Pool  
  11  0:22  Drone  
  11  0:27  Drone  
  13  0:31  Drone  
  14  0:42  Overlord  
  14  1:05  Queen  
  14  1:06  Zergling x2  
  14  1:07  Zergling x4  
  19  1:29  Hatchery  
  19  1:32  Drone  
  19  1:36  Drone  
  20  1:45  Overlord  
  20  1:51  Drone  
  21  1:56  Extractor  
  20  2:22  Zergling x2  
  20  2:23  Zergling x8  
  22  2:52  Drone x5, Roach Warren  
  22  2:55  Drone x2  
  22  2:56  Queen  
  30  3:04  Drone  
  29  3:28  Drone  
  29  3:29  Drone  
  29  3:32  Drone x3  
  29  3:33  Drone  
  35  3:38  Overlord x2  
  35  3:44  Overlord  
  35  4:03  Drone x2  
  35  4:07  Roach x5  
  47  4:17  Drone x4  
  49  4:22  Extractor  
  49  4:23  Drone  
  51  4:38  Baneling Nest, Drone x2  
  51  4:43  Roach x3  
  58  4:46  Overlord  
  58  4:54  Drone  
  59  5:02  Lair  
  59  5:25  Roach x4  
  67  5:28  Overlord x3  
  67  5:32  Overlord x4  
  67  5:33  Overlord  
  67  5:37  Baneling x5  
  67  5:51  Drone x2  
  50  6:43  Roach  
  50  6:44  Roach x5  
  62  6:51  Roach x3  
  68  6:58  Spire  
  67  7:03  Drone x2, Extractor  
  67  7:04  Extractor  
  67  7:16  Queen  
  67  7:18  Queen  
  71  7:32  Hatchery  
  71  7:33  Drone x2  
  71  7:34  Drone  
  71  7:36  Hatchery  
  72  7:37  Drone  
  72  7:38  Overlord x2, Drone x2  
  75  7:49  Drone  
  76  7:54  Zergling x8  
  57  8:52  Drone  
  57  8:53  Queen  
  54  8:58  Roach x2  
  54  8:59  Roach x6  
  54  9:00  Roach  
  71  9:05  Roach  
  71  9:06  Roach x4  
  81  9:13  Drone x2  
  81  9:17  Mutalisk x4  
  91  9:31  Evolution Chamber  
  91  9:33  Evolution Chamber  
  91  9:36  Mutalisk  
  91  9:37  Mutalisk  
  93  9:45  Spine Crawler  
  93  9:47  Drone x3, Spine Crawler x2  
  93  9:48  Spine Crawler  
  93  9:49  Spine Crawler  
  91  9:53  Queen  
  91  9:59  Roach  
  97  10:00  Roach x4  
  97  10:04  Roach x3  
  109  10:10  Zerg Ground Armor Level 1, Zerg Missile Weapons Level 1  
  67  10:53  Roach x4  
  67  10:54  Roach x3  
  77  10:57  Mutalisk x5  
  77  11:01  Drone x4  
  77  11:02  Drone  
  64  11:21  Roach x4  
  64  11:22  Roach  
  58  11:40  Roach x3  
  55  12:14  Hatchery  
  54  12:24  Hatchery x2  
  54  12:27  Drone  
  54  12:28  Drone x2  
  55  12:32  Extractor  
  54  12:37  Extractor  
  53  12:48  Roach x3  
  59  13:20  Mutalisk  
  59  13:23  Roach  
  59  13:24  Zergling x6  
  64  14:06  Zergling x10  
  64  14:07  Zergling x2  
  70  14:10  Metabolic Boost  
  70  14:19  Drone x3  
  70  14:24  Drone x3  
  75  14:27  Drone x3  
  79  14:51  Roach x2  
  80  15:01  Roach  
  72  15:35  Mutalisk x4  
  70  15:36  Mutalisk x2  
  70  15:40  Zergling x8  
  70  15:41  Zergling x4  
  75  16:04  Hatchery  
  68  16:14  Zergling x2  
  68  16:15  Zergling x4  
  68  16:18  Zergling x6  
  62  16:35  Roach  
  48  16:56  Roach x3  
Show
View Real Time Build Order
Export as new Build Order

axu Protoss - Winner!

Build Orders:  

Get SALT Encoding   

  12  0:04  Probe  
  13  0:16  Probe  
  14  0:24  Pylon  
  14  0:29  Probe  
  15  0:42  Probe  
  16  0:44  Gateway  
  16  0:53  Assimilator  
  16  0:54  Probe  
  17  1:06  Probe  
  18  1:18  Probe  
  19  1:31  Probe  
  20  1:36  Zealot  
  20  1:37  Cybernetics Core  
  22  1:41  Gateway  
  22  1:43  Pylon  
  21  2:15  Adept (Chrono Boost)  
  21  2:32  Adept  
  22  2:50  Pylon  
  22  2:51  Shield Battery  
  22  2:55  Nexus  
  22  3:08  Adept x2 (Chrono Boost)  
  26  3:17  Assimilator, Probe  
  27  3:26  Warp Gate (Chrono Boost)  
  27  3:29  Probe  
  28  3:34  Twilight Council  
  29  3:41  Probe  
  29  3:50  Adept (Chrono Boost)  
  31  4:01  Pylon  
  31  4:06  Adept (Chrono Boost), Probe  
  31  4:07  Probe  
  35  4:16  Resonating Glaives (Chrono Boost)  
  34  4:18  Probe  
  34  4:19  Probe  
  36  4:32  Gateway  
  36  4:35  Gateway  
  36  4:45  Shield Battery  
  36  4:59  Probe x2  
  38  5:11  Probe x2  
  40  5:26  Robotics Facility  
  40  5:27  Probe x2  
  42  5:33  Stalker x2  
  46  5:36  Stalker  
  46  5:39  Probe x2  
  50  5:47  Stalker  
  52  5:51  Probe  
  52  5:52  Pylon  
  52  5:56  Pylon  
  53  6:17  Zealot x2  
  53  6:18  Immortal (Chrono Boost)  
  51  6:39  Cybernetics Core  
  49  6:41  Assimilator  
  49  6:42  Probe x2  
  49  6:45  Assimilator  
  51  6:54  Probe x2  
  51  6:56  Nexus  
  51  7:00  Immortal (Chrono Boost)  
  57  7:06  Probe x2  
  59  7:18  Probe x2  
  61  7:28  Zealot  
  63  7:30  Probe x2  
  63  7:32  Pylon  
  63  7:35  Pylon, Warp Prism (Chrono Boost)  
  67  7:42  Probe  
  67  7:43  Probe  
  69  7:55  Probe x2  
  71  7:59  Stalker  
  71  8:01  Adept x3  
  79  8:07  Probe  
  68  8:47  Adept x2  
  68  8:48  Adept x2  
  72  8:57  Immortal  
  72  9:00  Pylon  
  76  9:03  Probe x2, Pylon  
  76  9:04  Probe  
  79  9:19  Assimilator  
  79  9:24  Assimilator  
  79  9:29  Gateway x2  
  79  9:31  Gateway  
  79  9:33  Gateway  
  79  9:35  Gateway  
  79  9:39  Templar Archives, Adept x4  
  79  9:43  Immortal  
  91  9:45  Forge  
  91  9:47  Forge  
  91  10:08  Adept x3  
  91  10:09  Adept  
  70  10:38  Adept x5  
  70  10:39  Adept  
  70  10:40  Adept  
  70  10:41  Adept  
  57  10:59  Stalker x2  
  57  11:00  Stalker x3  
  57  11:01  Stalker  
  57  11:02  Stalker  
  68  11:11  Probe x3  
  69  11:23  Probe  
  59  11:39  Probe x3  
  33  12:06  Probe x3  
  32  12:18  Probe x2  
  32  12:19  Probe  
  35  12:28  Blink  
  35  12:30  High Templar  
  35  12:32  High Templar  
  35  12:36  High Templar  
  41  12:47  Probe  
  41  12:48  Probe x2  
  44  12:59  Probe  
  44  13:00  Probe x2  
  44  13:04  Archon  
  47  13:06  High Templar  
  47  13:12  Shield Battery  
  49  13:14  Archon  
  49  13:18  Probe x3  
  52  13:30  Probe x3  
  52  13:55  Probe x3  
  55  14:07  Probe x3  
  58  14:16  Shield Battery  
  58  14:19  Probe x3  
  61  14:31  Probe x2  
  61  14:32  Probe  
  61  14:33  Zealot x2  
  61  14:34  Zealot x6  
  80  14:44  Probe x2  
  80  14:45  Probe  
  83  14:56  Shield Battery, Probe  
  83  14:57  Immortal  
  88  15:02  High Templar x4  
  88  15:03  High Templar  
  79  15:34  High Templar x6  
  79  15:35  High Templar x2  
  95  15:36  Archon x2  
  95  15:37  Archon  
  95  15:38  Archon x3  
  93  15:55  High Templar  
  91  16:11  Archon  
  91  16:25  Probe x3  
  94  16:37  Probe  
  91  16:41  Stalker  
  91  16:42  Stalker x4  
  91  16:43  Stalker  
  91  16:45  Stalker x2  
  98  16:54  Probe x3  
  101  17:06  Probe x3  
Tags
 
Add a new tag
Caveats
  • Supply blocks, unpowered buildings, or Contaminate may cause inaccurate times.
  • Supply counts are checked every 10 seconds.